Map: Ephemeron LE

Players

Khun (Ranger)

  • Race: Protoss Protoss
  • Spawn Location: 11:00

Tran (MeomaikA) - Winner!

  • Race: Zerg Zerg
  • Spawn Location: 5:00

Event: SEA Games 2019

VOD

https://youtu.be/Kw3NZMfnd2w

Description

Time

  • Played on: Dec. 4, 2019, 11:01 p.m.
  • Length: 8:52

All games in this series

Show
View Real Time Build Order
Export as new Build Order

Khun Protoss 

Build Orders: 1 Gate Expand 

Get SALT Encoding   

  12  0:00  Probe  
  13  0:12  Probe  
  14  0:19  Pylon  
  14  0:24  Probe  
  15  0:37  Probe (Chrono Boost)  
  15  0:38  Gateway  
  16  0:46  Probe (Chrono Boost)  
  16  0:47  Assimilator  
  17  0:52  Probe  
  18  1:04  Probe  
  19  1:16  Probe  
  20  1:25  Nexus  
  20  1:35  Cybernetics Core  
  20  1:40  Assimilator  
  20  1:42  Probe  
  21  1:50  Pylon  
  21  1:54  Probe  
  22  2:06  Probe (Chrono Boost)  
  23  2:09  Adept (Chrono Boost)  
  23  2:12  Warp Gate  
  25  2:17  Probe (Chrono Boost)  
  25  2:21  Robotics Facility  
  25  2:22  Probe (Chrono Boost)  
  27  2:31  Stalker  
  30  2:37  Probe (Chrono Boost)  
  30  2:38  Probe (Chrono Boost)  
  31  2:50  Probe (Chrono Boost)  
  32  2:51  Gateway  
  32  2:52  Probe (Chrono Boost)  
  33  3:06  Probe  
  33  3:07  Probe, Warp Prism (Chrono Boost)  
  35  3:18  Probe  
  36  3:22  Pylon  
  36  3:24  Probe  
  37  3:30  Probe, Gateway  
  38  3:38  Immortal (Chrono Boost)  
  42  3:43  Probe  
  42  3:44  Probe  
  44  3:50  Pylon  
  44  3:59  Shield Battery  
  44  4:01  Adept x2  
  48  4:06  Probe  
  48  4:07  Probe  
  50  4:10  Assimilator, Observer  
  50  4:15  Pylon  
  51  4:31  Immortal (Chrono Boost)  
  51  4:32  Stalker  
  51  4:35  Stalker  
  55  4:41  Shield Battery  
  55  4:42  Shield Battery  
  55  4:45  Sentry  
  57  5:00  Sentry x2  
  57  5:07  Immortal  
  61  5:17  Zealot  
  63  5:22  Gateway  
  63  5:24  Gateway  
  63  5:25  Gateway  
  63  5:26  Zealot x2  
  67  5:34  Probe x2  
  69  5:43  Pylon  
  69  5:45  Pylon  
  69  6:04  Pylon  
  69  6:08  Adept  
  69  6:11  Stalker  
  72  6:12  Zealot, Probe  
  72  6:14  Probe  
  72  6:17  Zealot  
  74  6:18  Zealot  
  74  6:24  Zealot, Probe (Chrono Boost)  
  79  6:27  Probe (Chrono Boost)  
  79  6:31  Sentry  
  76  6:37  Probe (Chrono Boost), Sentry x2  
  76  6:38  Sentry  
  76  6:39  Probe (Chrono Boost)  
  84  6:45  Probe (Chrono Boost)  
  84  6:46  Probe (Chrono Boost), Pylon  
  86  6:49  Pylon  
  86  6:57  Pylon  
  86  6:59  Pylon  
  86  7:01  Pylon  
  86  7:04  Probe x2, Observer  
  86  7:06  Pylon  
  84  7:19  Stalker  
  84  7:20  Stalker  
  83  7:25  Stalker  
  83  7:27  Sentry  
  83  7:29  Sentry  
  89  7:32  Sentry  
  91  7:40  Pylon  
  91  7:43  Assimilator  
  91  7:49  Stalker x2  
  91  7:51  Sentry  
  97  7:54  Zealot  
  99  8:05  Stalker x2  
  83  8:14  Stalker  
  83  8:15  Zealot x2  
  83  8:18  Zealot  
  55  8:40  Twilight Council  
  45  8:44  Adept x2  
Show
View Real Time Build Order
Export as new Build Order

Tran Zerg - Winner!

Build Orders: Hatch First 

Get SALT Encoding   

  12  0:00  Drone  
  13  0:08  Drone  
  14  0:16  Overlord  
  14  0:23  Extractor, Drone  
  15  0:35  Drone x2  
  17  0:51  Hatchery  
  17  0:54  Drone  
  17  1:07  Spawning Pool  
  16  1:11  Drone  
  16  1:13  Extractor  
  16  1:16  Drone  
  17  1:20  Drone  
  18  1:27  Drone  
  19  1:37  Overlord  
  19  1:50  Drone  
  19  1:54  Queen  
  20  1:58  Drone  
  23  2:04  Queen, Drone  
  26  2:10  Drone  
  26  2:13  Metabolic Boost  
  26  2:14  Drone  
  28  2:20  Drone  
  29  2:25  Drone  
  29  2:29  Queen  
  30  2:32  Drone  
  30  2:36  Drone  
  34  2:40  Queen  
  36  2:44  Overlord  
  36  2:50  Overlord  
  34  3:06  Drone x4  
  34  3:07  Queen, Drone  
  41  3:16  Queen  
  41  3:19  Drone  
  45  3:20  Drone  
  45  3:26  Extractor, Drone  
  45  3:27  Drone  
  46  3:32  Zergling x4  
  48  3:39  Zergling x6  
  48  3:40  Zergling x2  
  52  3:44  Lair  
  52  3:46  Overlord  
  52  3:49  Overlord  
  52  3:54  Spore Crawler  
  51  3:56  Spore Crawler  
  51  4:00  Extractor  
  51  4:01  Drone x2  
  51  4:02  Drone  
  52  4:07  Overlord  
  52  4:09  Zergling x2  
  53  4:10  Drone  
  53  4:15  Drone x2  
  56  4:17  Drone  
  56  4:27  Zergling x4  
  56  4:28  Zergling x2  
  56  4:30  Zergling x2  
  56  4:31  Zergling x2  
  59  4:33  Drone  
  60  4:39  Drone x2  
  62  4:48  Zergling x4  
  60  5:02  Zergling x2  
  60  5:03  Zergling x6  
  60  5:05  Zergling x6  
  60  5:06  Spire  
  60  5:07  Zergling x2  
  59  5:14  Zergling x6  
  59  5:15  Zergling x2  
  61  5:21  Zergling x2  
  61  5:24  Zergling x2  
  60  5:32  Zergling x2  
  61  5:35  Zergling x2  
  61  5:40  Zergling x6  
  65  5:44  Zergling x2  
  65  5:45  Zergling x2  
  63  5:57  Overlord x4  
  63  6:17  Mutalisk  
  63  6:18  Mutalisk x7  
  66  6:19  Mutalisk  
  78  6:26  Mutalisk  
  71  6:33  Zergling x2  
  71  6:35  Spine Crawler  
  71  6:36  Spine Crawler  
  71  6:37  Zergling x4  
  71  6:38  Spine Crawler, Zergling x2  
  70  6:41  Zergling x2  
  70  6:42  Zergling x2  
  72  6:52  Spine Crawler  
  71  6:55  Mutalisk x2  
  71  7:00  Zergling x2  
  76  7:01  Zergling x2  
  76  7:02  Zergling x4  
  76  7:08  Zergling x4  
  81  7:10  Zergling x4  
  83  7:17  Zergling x4  
  82  7:24  Queen  
  82  7:25  Zergling x2  
  82  7:28  Zergling x2  
  82  7:29  Zergling x4  
  88  7:33  Zergling x2  
  88  7:34  Zergling x2  
  88  7:35  Zergling x2  
  91  7:38  Zergling x2  
  91  7:39  Overlord  
  92  7:48  Overlord  
  92  7:51  Overlord  
  92  8:00  Zergling x4  
  92  8:01  Zergling x2  
  92  8:03  Zergling x2  
  92  8:04  Zergling x2  
  92  8:05  Zergling x2  
  87  8:11  Zergling x4  
  73  8:22  Zergling x2  
  73  8:23  Zergling x8  
  68  8:32  Zergling x2  
  68  8:34  Zergling x2  
Tags
 
Add a new tag
Caveats
  • Supply blocks, unpowered buildings, or Contaminate may cause inaccurate times.
  • Supply counts are checked every 10 seconds.